 Dungeon Crawl Stone Soup version 0.17.0-73-gb648821 (webtiles) character file.

74 lucasterio the Cudgeler (level 4, 0/35 HPs)
             Began as a Demonspawn Berserker on Dec 9, 2015.
             Was a Believer of Trog.
             Slain by a ball python (1 damage)
             ... on level 2 of the Dungeon.
             The game lasted 00:04:53 (1580 turns).

lucasterio the Cudgeler (Demonspawn Berserker)      Turns: 1580, Time: 00:04:54

Health: 0/35       AC:  2    Str: 19    XL:     4   Next: 10%
Magic:  4/4        EV:  9    Int:  8    God:    Trog [**....]
Gold:   85         SH:  0    Dex: 12    Spells: 0 memorised, 3 levels left

rFire  . . .     SeeInvis .     a - +0 mace
rCold  . . .     Clarity  .     b - +0 animal skin
rNeg   . . .     SustAt   .     (no shield)
rPois  .         Gourm    .     (no helmet)
rElec  .         Spirit   .     (no cloak)
rCorr  .         Warding  .     (no gloves)
rMut   .         Stasis   .     (no boots)
MR     .....                    (no amulet)
Stlth  +.........               (no ring)
                                (no ring)

@: exhausted, slowed, constricted, very slow, not resistant to hostile
enchantments, very unstealthy
A: claws 2
a: Berserk, Trog's Hand, Burn Spellbooks, Renounce Religion


You were on level 2 of the Dungeon.
You worshipped Trog.
Trog was pleased with you.
You were very hungry.

You visited 1 branch of the dungeon, and saw 2 of its levels.

You collected 85 gold pieces.

Inventory:

Hand Weapons
 a - a +0 mace (weapon)
 p - a +1 dagger of venom
 q - a +3 dagger
Armour
 b - a +0 animal skin (worn)
 h - a cursed +0 pair of gloves
Jewellery
 e - a cursed -5 ring of dexterity {unknown}
Scrolls
 d - 2 scrolls of random uselessness {unknown}
 g - a scroll of recharging {unknown}
 i - a scroll of identify {unknown}
 l - 4 scrolls of enchant armour {unknown}
 m - a scroll of blinking {unknown}
Potions
 n - a potion of curing {unknown}
 o - a potion of magic {unknown}
Comestibles
 c - 3 bread rations
 j - a meat ration
 k - 3 beef jerkies


   Skills:
 - Level 3.0 Fighting
 * Level 4.0 Maces & Flails
 + Level 2.7 Armour
 - Level 1.7 Dodging


You had 3 spell levels left.
You didn't know any spells.

Dungeon Overview and Level Annotations

Branches:
Dungeon (2/15)

Altars:


Innate Abilities, Weirdness & Mutations

You have very sharp fingernails.


Message History

You sock the gnoll!
You kill the gnoll!
Trog accepts your kill.
Your Maces & Flails skill increases to level 4!
You have reached level 4!
You feel stronger.
The ball python bites you but does no damage.
* * * LOW HITPOINT WARNING * * *
The ball python constricts you.
The ball python bites you but does no damage.
The ball python constricts you.
Your attempt to break free from the ball python fails, but you feel that another attempt might succeed.
The ball python barely misses you. The ball python constricts you.
Unknown command.
You hit the ball python.
The ball python is heavily wounded.
The ball python completely misses you.
* * * LOW HITPOINT WARNING * * *
The ball python constricts you. The ball python bites you.
You die...

#............S ####
#............. #..#
#............. ## ##..##
#.......=..... .##
##....###.............
..###......###............
#............##...)......#
###..........####).###..##
###......####.@S..# #.#
####......## #.....# .#
.[...##..## #.....# [
.######..# #<....# ## ####
#.....# ##.....#
##############......#
....................#
##############......#


You could see a ball python.

Vanquished Creatures
  3 gnolls (D:2)
  An ooze (D:1)
  A worm (D:2)
  3 giant geckos (D:1)
  2 ball pythons (D:1)
  2 giant cockroaches (D:1)
  6 goblins
  3 hobgoblins (D:1)
  4 bats
  6 kobolds (D:1)
  7 rats
38 creatures vanquished.

Notes
Turn   | Place    | Note
--------------------------------------------------------------
     0 | D:1      | lucasterio the Demonspawn Berserker began the quest for the Orb.
     0 | D:1      | Reached XP level 1. HP: 18/18 MP: 1/1
   358 | D:1      | Gained mutation: You have sharp fingernails. [demonic ancestry]
   358 | D:1      | Reached XP level 2. HP: 17/24 MP: 2/2
   922 | D:1      | Gained mutation: You have very sharp fingernails. [demonic ancestry]
   922 | D:1      | Reached XP level 3. HP: 27/29 MP: 3/3
   949 | D:1      | Reached ** piety under Trog
  1578 | D:2      | Reached skill level 4 in Maces & Flails
  1578 | D:2      | Reached XP level 4. HP: 3/35 MP: 4/4
  1580 | D:2      | HP: 1/35 [ball python (1)]
  1580 | D:2      | Slain by a ball python

Action                   |  1- 3 |  4- 6 || total
-------------------------+-------+-------++-------
Melee: Mace              |   119 |     1 ||   120
Invok: Berserk           |     2 |       ||     2
 Stab: Sleeping          |     2 |       ||     2
       Distracted        |     1 |       ||     1
  Eat: Chunk             |     3 |       ||     3
